 Dungeon Crawl Stone Soup version 0.29-a0-717-g6dac4ea423 (webtiles) character file.

Game seed: 2021996121210530013

6 porpoise the Caller (level 1, -3/14 HPs)
             Began as a Demonspawn Summoner on June 27, 2022.
             Slain by an adder (4 damage)
             ... on level 2 of the Dungeon.
             The game lasted 00:03:50 (1132 turns).

porpoise the Caller (Demonspawn Summoner)           Turns: 1132, Time: 00:03:51

Health: -3/14      AC:  3    Str:  8    XL:     1   Next: 75%
Magic:  1/3        EV: 11    Int: 16    God:
Gold:   106        SH:  0    Dex: 11    Spells: 3/4 levels left

rFire   + . .      SeeInvis .   a - +0 spear
rCold   . . .      Faith    .   (no shield)
rNeg    . . .      Spirit   .   k - +0 leather armour
rPois   .          Reflect  .   (no helmet)
rElec   .          Harm     .   (no cloak)
rCorr   .          Rampage  .   (no gloves)
Will    .....                   (no boots)
Stlth   +.........              (no amulet)
HPRegen 0.04/turn               (no ring)
MPRegen 0.08/turn               (no ring)

@: no status effects
A: talons 1, clumsy 1, fire resistance 1
a: no special abilities


You were on level 2 of the Dungeon.
You visited 1 branch of the dungeon, and saw 2 of its levels.

You collected 106 gold pieces.

Inventory:

Hand Weapons
 a - a +0 spear (weapon)
 b - a +0 sling
Missiles
 c - a throwing net
Armour
 k - a +0 leather armour (worn)
Scrolls
 d - a scroll of summoning {unknown}
 e - a scroll of poison {unknown}
 h - a scroll of amnesia {unknown}
 i - a scroll of identify {unknown}
 j - 2 scrolls of teleportation {unknown}
Potions
 g - a potion of mutation


   Skills:
 * Level 0.9 Fighting
 - Level 1.7 Dodging
 - Level 1.7 Stealth
 + Level 2.1 Spellcasting
 + Level 4.0 Summonings


You had 3 spell levels left.
You knew the following spells:

 Your Spells              Type           Power      Damage    Failure   Level
a - Summon Small Mammal   Summ           56%        N/A       5%          1

Your spell library contained the following spells:

 Spells                   Type           Power      Damage    Failure   Level
 Call Imp                 Summ           14%        N/A       9%          2
 Call Canine Familiar     Summ           14%        N/A       17%         3
 Beastly Appendage        Tmut           2%         N/A       30%         1
 Summon Guardian Golem    Hex/Summ       8%         N/A       36%         3
 Wereblood                Tmut           1%         N/A       41%         2
 Spider Form              Tmut/Pois      1%         N/A       65%         3
 Summon Lightning Spire   Summ/Air       8%         N/A       78%         4


Dungeon Overview and Level Annotations

Branches:
Dungeon (2/15)

Altars:


Innate Abilities, Weirdness & Mutations

You have sharp toenails.
You are clumsy. (Dex -2)
Your flesh is heat resistant. (rF+)


Message History

You swap places.
The adder attacks as you move away! The adder barely misses you.
You feel sick.
Your bat closely misses the adder.
The adder barely misses your bat.
Your bat misses the adder.
Your bat hits the adder but does no damage.
The adder closely misses your bat.
Reach: a) +0 spear
Press: ? - help, Dir - move target, f/p - adder
Aim: an adder (moderately wounded, ally target, about 60% to evade your +0 spear)
You reach to attack!
You barely miss the adder.
The adder is moderately wounded.
You feel sick.
Your bat closely misses the adder.
Your bat hits the adder but does no damage.
The adder barely misses your bat.
It was a potion of mutation.
You feel extremely strange.
Your toenails lengthen and sharpen.
You feel resistant to heat.
You feel clumsy.
You feel sick.
Your bat barely misses the adder.
The adder misses your bat.
Your bat barely misses the adder.
Okay, then.
Magic courses through your body.
You feel sick.
Your bat misses the adder.
Your bat closely misses the adder.
The adder bites your bat.
Your bat dies!
Your bat's corpse disappears in a puff of smoke!
Casting: Summon Small Mammal (safe; 5% risk of failure)
Confirm with . or Enter, or press ? or * to list all spells.
You feel sick.
You are no longer poisoned.
The adder barely misses you.
Casting: Summon Small Mammal (safe; 5% risk of failure)
Confirm with . or Enter, or press ? or * to list all spells.
The adder barely misses you.
Your rat barely misses the adder.
The adder barely misses you.
Your rat bites the adder.
Casting: Summon Small Mammal (safe; 5% risk of failure)
Confirm with . or Enter, or press ? or * to list all spells.
Your rat disappears in a puff of smoke!
The adder bites you.
* * * LOW HITPOINT WARNING * * *
Your rat misses the adder. The adder attacks as you move away!
The adder bites you.
You die...

........# #.#
#######.# #.#
#.# #.# #.#
#.# #.# #.#
#.# #.# #.#
#r#
#.#########S#
#.......r.@ยง#
###########.#
###


You could see an adder (ally target), a friendly quokka (summoned) and a
friendly rat (summoned).

Vanquished Creatures
  A ball python (D:1)
  2 jackals (D:2)
  A bat (D:2)
  A rat (D:1)
5 creatures vanquished.

Vanquished Creatures (collateral kills)
  A frilled lizard (D:1)
1 creature vanquished.

Grand Total: 6 creatures vanquished

Notes
Turn   | Place    | Note
-------+----------+-------------------------------------------
     0 | D:1      | porpoise the Demonspawn Summoner began the quest for the
                  | Orb.
     0 | D:1      | Reached XP level 1. HP: 13/13 MP: 3/3
    27 | D:1      | Found a faded altar of an unknown god.
  1125 | D:2      | Gained mutation: You have sharp toenails. [potion of
                  | mutation]
  1125 | D:2      | Gained mutation: Your flesh is heat resistant. (rF+)
                  | [potion of mutation]
  1125 | D:2      | Gained mutation: You are clumsy. (Dex -2) [potion of
                  | mutation]
  1132 | D:2      | Slain by an adder

Illustrated notes

Levels and vault maps discovered:
D:1:      lemuel_arrival_rhombus, layout_loops_ring,
          hellmonk_ecumenical_altar_run_dry, dreamdust_princess_bridge
D:2:      layout_basic, nrook_uturn

Action                   || total
-------------------------++-------
Melee: Spear             ||    25
 Fire: Sling             ||     4
 Cast: Summon Small Mamm ||    13
  Use: Potion            ||     2
Armor: Leather armour    ||     7
Dodge: Dodged            ||    23

Table legend: (Time is in decaauts)
 A = Elapsed time spent in this place.
 B = Non-inter-level travel time spent in this place.
 C = Inter-level travel time spent in this place.
 D = Time resting spent in this place.
 E = Time spent auto-exploring this place.
 F = Levels seen in this place.
 G = Mean time per level.
                   A        B        C        D        E       F      G
               +--------+--------+--------+--------+--------+-----+--------+
         Total |   1132 |   1121 |     11 |    315 |    647 |   2 |  566.0 |
       Dungeon |   1132 |   1121 |     11 |    315 |    647 |   2 |  566.0 |
               +--------+--------+--------+--------+--------+-----+--------+

Top non-repeatable levels by time:
     D:1: 591 daAuts
     D:2: 541 daAuts
